 Dungeon Crawl Stone Soup version 0.20.0-7-g3b7b877 (webtiles) character file.

117 IcySystem the Gusty (level 5, -5/28 HPs)
             Began as a Tengu Air Elementalist on May 29, 2017.
             Slain by Crazy Yiuf
             ... wielding a +4 quarterstaff of chaos
              (17 damage)
             ... on level 2 of the Dungeon.
             The game lasted 00:09:21 (3471 turns).

IcySystem the Gusty (Tengu Air Elementalist)        Turns: 3471, Time: 00:09:21

Health: -5/28      AC:  3    Str:  8    XL:     5   Next: 1%
Magic:  2/9        EV: 13    Int: 16    God:
Gold:   105        SH:  0    Dex: 15    Spells: 4/8 levels left

rFire    + . .     SeeInvis .   e - +0 club
rCold    . . .     Gourm    .   (no shield)
rNeg     . . .     Faith    .   a - +0 robe
rPois    .         Spirit   .   m - +1 hat
rElec    .         Reflect  .   (no cloak)
rCorr    .         Harm     .   (no gloves)
MR       .....                  (boots unavailable)
Stlth    ++........             (no amulet)
Regen    0.1/turn               h - ring of protection from fire
MPRegen  0.2/turn               (no ring)

@: no status effects
A: beak, talons 3, able to fly 1
a: Fly


You were on level 2 of the Dungeon.
You were not hungry.

You visited 1 branch of the dungeon, and saw 3 of its levels.

You collected 105 gold pieces.

Inventory:

Hand Weapons
 e - a +0 club (weapon)
Armour
 a - a +0 robe (worn)
 l - a +0 large shield
 m - a +1 hat (worn)
Jewellery
 h - a ring of protection from fire (left hand)
Wands
 r - a wand of random effects (25/48)
Scrolls
 f - 5 scrolls of identify {unknown}
 n - a scroll of remove curse {unknown}
 o - a scroll of random uselessness {unknown}
 q - 2 scrolls of fog {unknown}
Potions
 d - a potion of flight {unknown}
 j - a potion of brilliance {unknown}
 p - a potion of haste {unknown}
 s - a potion of degeneration {unknown}
Books
 b - a book of Air

   Spells                             Type                      Level
   a - Shock                          Conjuration/Air              1
   b - Swiftness                      Charms/Air                   2
   c - Static Discharge               Conjuration/Air              3
   d - Airstrike                      Air                          4
   e - Lightning Bolt                 Conjuration/Air              5
Comestibles
 c - 2 bread rations
 g - a chunk of flesh
 i - 4 fruits
 k - a royal jelly


   Skills:
 - Level 2.1 Dodging
 - Level 2.0 Stealth
 + Level 2.2 Spellcasting
 + Level 4.9 Conjurations
 + Level 5.2 Air Magic


You had 4 spell levels left.
You knew the following spells:

 Your Spells              Type           Power        Failure   Level  Hunger
a - Shock                 Conj/Air       ###.         2%          1    #......
b - Static Discharge      Conj/Air       ###.....     8%          3    ###....


Dungeon Overview and Level Annotations

Branches:
Dungeon (3/15)

Altars:

Annotations:
D:2 Crazy Yiuf, Terence


Innate Abilities, Weirdness & Mutations

You have a beak for a mouth.
You have claws for feet.
You can fly.


Message History

Crazy Yiuf hits you with a quarterstaff of chaos.
Crazy Yiuf freezes you.
Casting: Shock
Confirm with . or Enter, or press ? or * to list all spells.
Aiming: Shock
Press: ? - help, Shift-Dir - straight line The zap hits Crazy Yiuf.
Crazy Yiuf appears unharmed.
Crazy Yiuf is severely wounded.
Crazy Yiuf says, "Scoff!"
Crazy Yiuf closely misses you.
Casting: Shock
Confirm with . or Enter, or press ? or * to list all spells.
Aiming: Shock
Press: ? - help, Shift-Dir - straight line The zap hits Crazy Yiuf.
Crazy Yiuf resists.
Crazy Yiuf is almost dead.
Crazy Yiuf hits you with a quarterstaff of chaos!
You are electrocuted!
Ouch! That really hurt!
You die...

### ..# ####♣♣ ### ..# ##.+..♣♣
♣♣#..)# ..# #....P.♣♣♣♣@g...# ..#
##.......♣..♣#...#
..###...+...♣.♣♣♣ ###
........##♣♣♣♣♣ ........#
........#######################
#.........#.........#.........###
#...................'÷...........
..............).....#............


You could see Crazy Yiuf.

Vanquished Creatures
  2 adders (D:2)
  2 oozes (D:2)
  2 dart slugs
  3 leopard geckos
  4 giant cockroaches
  5 goblins
  14 hobgoblins
  8 jackals (D:1)
  8 kobolds
  2 ball pythons
  11 bats
  7 frilled lizards
  7 rats
75 creatures vanquished.

Notes
Turn   | Place    | Note
-------+----------+-------------------------------------------
     0 | D:1      | IcySystem the Tengu Air Elementalist began the quest for the Orb.
     0 | D:1      | Reached XP level 1. HP: 10/10 MP: 4/4
   141 | D:1      | Reached XP level 2. HP: 1/15 MP: 0/6
   946 | D:1      | Reached XP level 3. HP: 19/19 MP: 1/7
   975 | D:1      | Learned a level 3 spell: Static Discharge
  1762 | D:2      | Noticed Terence
  1865 | D:2      | Reached XP level 4. HP: 24/24 MP: 4/8
  2361 | D:2      | Reached skill level 5 in Air Magic
  2748 | D:2      | Found a runed door.
  3254 | D:3      | Gained mutation: You can fly. [Tengu growth]
  3254 | D:3      | Reached XP level 5. HP: 28/28 MP: 7/9
  3464 | D:2      | Noticed Crazy Yiuf
  3471 | D:2      | Slain by Crazy Yiuf

Skill      XL: |  1  2  3  4 |
---------------+-------------+-----
Conjurations   | 2 3 4 |  4.9
Air Magic      | 5 |  5.2
Dodging        | |  2.1
Stealth        | |  2.0
Spellcasting   | |  2.2

Action                   |  1- 3 |  4- 6 || total
-------------------------+-------+-------++-------
Melee: Unarmed           |     3 |       ||     3
       Club              |    12 |    15 ||    27
       Kick              |     2 |     2 ||     4
       Peck              |     2 |     2 ||     4
 Cast: Shock             |    91 |    75 ||   166
  Eat: Chunk             |     4 |     7 ||    11
Armor: Robe              |     6 |     8 ||    14
Dodge: Dodged            |    22 |    19 ||    41
